 Dungeon Crawl Stone Soup version 0.30.0 (webtiles) character file.

Game seed: 524354255765097746

43663 robert the Bludgeoner (level 13, -3/172 HPs)
             Began as a Minotaur Fighter on Nov 27, 2023.
             Was an Elder of the Shining One.
             Killed from afar by Aizul (12 damage)
             ... with a poison arrow
             ... on level 1 of the Snake Pit on Nov 28, 2023.
             The game lasted 02:22:37 (14363 turns).

robert the Bludgeoner (Minotaur Fighter)           Turns: 14363, Time: 02:22:39

Health: -3/172     AC: 26    Str: 32    XL:     13   Next: 92%
Magic:  12/12      EV:  2    Int:  5    God:    the Shining One [****..]
Gold:   1404       SH:  0    Dex: 10    Spells: 12/12 levels left

rFire   . . .        Q - +5 flail (protect)
rCold   + . .        f - +2 kite shield {rC+}
rNeg    + + .        g - melded +4 scale mail
rPois   +            R - melded +2 hat {Will+}
rElec   .            v - melded +2 cloak {Stlth+}
rCorr   .            r - melded +0 pair of gloves
SInv    .            j - melded +0 pair of boots
Will    .....        c - amulet of regeneration
Stlth   +            D - +6 ring of strength
HPRegen 1.28/turn    H - ring of poison resistance
MPRegen 0.13/turn

%: no passive effects
@: confused, lethally poisoned (-3 -> -26), tree-form, ambrosia-drunk, hasted,
glowing, very quick
A: stationary, stasis, torment immunity, boosted hp, (horns 2), (retaliatory
headbutt)
a: Renounce Religion, Divine Shield, Cleansing Flame


You were on level 1 of the Snake Pit.
You worshipped the Shining One.
The Shining One was greatly pleased with you.
You were a tree.
You visited 3 branches of the dungeon, and saw 14 of its levels.
You also visited: Ice Cave.

You collected 1404 gold pieces.

Inventory:

Hand Weapons
 k - a +2 great sword of holy wrath
 t - a +3 antimagic flail
 z - the +2 hand axe "Xiosaq" {speed, Str+3}
   (You took it off a hobgoblin on level 3 of the Dungeon)

   Str:       It affects your strength (+3).
 P - a +4 scimitar of flaming
 Q - a +5 flail of protection (weapon)
Armour
 f - a +2 kite shield of cold resistance (worn)
 g - a +4 scale mail (melded)
 j - a +0 pair of boots (melded)
 r - a +0 pair of gloves (melded)
 v - a +2 cloak of stealth (melded)
 R - a +2 hat of willpower (melded)
 V - a +0 tower shield of cold resistance
Jewellery
 c - an amulet of regeneration (around neck)
 x - an amulet of the acrobat
 D - a +6 ring of strength (left branch)
 H - a ring of poison resistance (right branch)
 L - a ring of protection from cold
 M - the ring of Zamimecw {Fire rPois}
   (You found it on level 7 of the Dungeon)

   [ring of fire]

   It enhances your fire magic.
   rF:        It protects you from fire.
   rC:        It makes you vulnerable to cold.
   rPois:     It protects you from poison.
Wands
 a - a wand of flame (12)
 C - a wand of mindburst (21)
 O - a wand of acid (6)
 U - a wand of roots (6)
Scrolls
 b - a scroll of enchant armour {unknown}
 d - a scroll of brand weapon
 e - a scroll of enchant weapon {unknown}
 h - 9 scrolls of identify
 l - 4 scrolls of fear
 q - 4 scrolls of teleportation
 y - 5 scrolls of amnesia {unknown}
 A - a scroll of silence {unknown}
 E - 3 scrolls of immolation {unknown}
 F - 3 scrolls of fog {unknown}
 K - 4 scrolls of noise {unknown}
 N - 2 scrolls of poison {unknown}
 Y - a scroll of vulnerability {unknown}
 Z - a scroll of summoning {unknown}
Potions
 i - a potion of degeneration {unknown}
 m - 5 potions of magic
 o - 3 potions of brilliance
 p - 4 potions of attraction
 s - a potion of haste
 u - 5 potions of mutation
 G - 2 potions of lignification
 I - a potion of flight {unknown}
 J - 2 potions of ambrosia
 S - a potion of cancellation {unknown}
 T - a potion of might
 W - a potion of berserk rage {unknown}


   Skills:
 + Level 10.9 Fighting
 + Level 2.8 Long Blades
 + Level 13.1(16.7) Axes
 * Level 16.7(18.4) Maces & Flails
 + Level 0.5 Throwing
 + Level 10.4 Armour
 + Level 7.5 Dodging
 + Level 1.3 Stealth
 + Level 11.8 Shields


You had 12 spell levels left.
You didn't know any spells.
Your spell library contained the following spells:

 Spells                   Type           Power      Damage    Failure   Level
 Beastly Appendage        Tmut           0%         N/A       61%         1
 Kiss of Death            Conj/Necr      0%         2d5       61%         1
 Blink                    Tloc           0%         N/A       75%         2
 Ensorcelled Hibernation  Hex/Ice        0%         N/A       75%         2
 Lesser Beckoning         Tloc           0%         N/A       75%         2
 Momentum Strike          Conj/Tloc      0%         3d8       75%         2
 Passwall                 Tmut/Erth      0%         N/A       75%         2
 Poisonous Vapours        Pois/Air       0%         N/A       75%         2
 Wereblood                Tmut           0%         N/A       75%         2
 Confusing Touch          Hex            0%         N/A       93%         3
 Gell's Gravitas          Tloc           0%         N/A       93%         3
 Hailstorm                Conj/Ice       0%         3d3       93%         3
 Mephitic Cloud           Conj/Pois/Air  0%         N/A       93%         3
 Portal Projectile        Hex/Tloc       0%         N/A       93%         3
 Spider Form              Tmut/Pois      0%         N/A       93%         3
 Swiftness                Air            0%         N/A       93%         3
 Teleport Other           Tloc           0%         N/A       93%         3
 Tukima's Dance           Hex            0%         N/A       93%         3
 Anguish                  Hex/Necr       0%         N/A       100%        4
 Dispel Undead            Necr           0%         3d6       100%        4
 Ice Form                 Ice/Tmut       0%         N/A       100%        4
 Passage of Golubria      Tloc           0%         N/A       100%        4
 Blade Hands              Tmut           0%         N/A       100%        5
 Freezing Cloud           Conj/Ice/Air   0%         6-21      100%        5
 Yara's Violent Unravell  Hex/Tmut       0%         3d3       100%        5
 Simulacrum               Ice/Necr       0%         N/A       100%        6


Dungeon Overview and Level Annotations

Branches:
Dungeon (11/15)            Temple (0/1) D:6            Lair (2/5) D:11
  Snake (1/4) Lair:2        IceCv (visited)
  Swamp: Lair:2-3    Shoals: Lair:2-3       Orc: D:9-12

Altars:
Cheibriados
Dithmenos
Gozag
Hepliaklqana
Makhleb
Qazlal
Sif Muna
Uskayaw
Vehumet
Wu Jian
Xom
Yredelemnul
The Shining One

Shops:
D:3 [   D:9 *   D:10 [

Portals:
Trove: D:11 (give +5 fire dragon scales)

Annotations:
Snake:1 Aizul


Innate Abilities, Weirdness & Mutations

You are a tree.
Your roots penetrate the ground, keeping you stationary.
You cannot be teleported.
You are immune to unholy pain and torment.
Your maximum health is greatly increased.
Your equipment is partially melded.
((You have a pair of horns on your head.))
((You reflexively headbutt those who attack you in melee.))


Message History

Aizul casts a spell at you. The bolt of poison hits you.
You are more poisoned.
You resist. Aizul hits you.
You sock Aizul!
Aizul is almost dead.
You feel very sick.
Aizul coils herself and waves her upper body at you.
The poison arrow hits you!
You are more poisoned.
You partially resist.
You barely miss Aizul.
Aizul is almost dead.
You feel very sick. You block Aizul's attack.
You closely miss Aizul.
Aizul is almost dead.
You feel very sick. Aizul hits you but does no damage.
You are confused.
You feel invigorated.
You feel very sick. Aizul casts a spell at you.
You fall asleep.
You feel very sick. Aizul hits you!!
You wake up.
* * * LOW HITPOINT WARNING * * *
Aizul coils herself and waves her upper body at you.
The poison arrow hits you!
You are more poisoned.
You partially resist.
* * * LOW HITPOINT WARNING * * *
You feel yourself speed up.
* * * LOW HITPOINT WARNING * * *
You feel very sick.
Aizul coils herself and waves her upper body at you.
The poison arrow hits you!
You are more poisoned.
You partially resist.
You die...

#....# ####... #......####.#
#....# #...... #.....†..##..
#)...# #...#.. #.....)..####
##†##.# #......## ####.....##..
..)...# #......# #.#.......
......##. #....## #####.........
#........# ####..###.......#.....
.........#######.S.#.............
......##........♣................
.................##.....###...#..
......###############...# ##.....
....#########...........# #...##
............†.########.## #...#
..#.......####....)....#
..#######.# #....##...# ..#
#.#.......##...# ..#
#.#.......##...#


You could see Aizul.

Vanquished Creatures
  Rupert (Snake:1)
  Gastronok (D:8)
  A frost giant (IceCv)
  2 hydras (Lair:2)
  Erica (Lair:1)
  An anaconda (Snake:1)
  A naga warrior (Snake:1)
  2 two-headed ogres
  5 death yaks (IceCv)
  A naga sharpshooter (Snake:1)
  A shock serpent (Snake:1)
  The ghost of LeafLetters the Artisan of Death, a novice DsNe of Kikubaaqudgha (D:10)
  The ghost of xade the Thaumaturge, a novice DECj of Vehumet (D:10)
  The ghost of PhillyD the Blocker, a novice GnFi of Hepliaklqana (D:7)
  Lodul (D:11)
  2 mana vipers (Snake:1)
  A salamander (Snake:1)
  A manticore (D:11)
  3 elephants (Lair:2)
  2 naga magi (Snake:1)
  An ice statue (IceCv)
  3 black mambas (Snake:1)
  3 cane toads
  An unseen horror (D:10)
  3 komodo dragons
  2 ice devils (Lair:1)
  A troll (D:11)
  10 polar bears (IceCv)
  13 blink frogs
  A shadow (D:11)
  A wyvern (D:9)
  71 yaks
  2 basilisks
  The ghost of mikunn the Ducker, an amateur HuGl (D:3)
  Grum (Lair:1)
  2 vampire mosquitoes (D:11)
  An acid dragon (D:9)
  6 nagas
  7 water moccasins
  The ghost of Agrajag the Magician, an amateur DECj of Vehumet (D:4)
  5 orc warriors
  11 ogres
  2 sky beasts
  4 ice beasts (D:7)
  18 wolves
  3 centaurs
  A kobold brigand (D:6)
  8 bullfrogs
  2 gnoll sergeants
  6 scorpions
  3 electric eels
  A hound (D:6)
  A jelly (D:6)
  A centaur skeleton (D:4)
  Crazy Yiuf (D:2)
  3 orc priests
  3 gnoll boudas
  Jessica (D:3)
  Terence (D:2)
  2 iguanas
  10 orc wizards
  A bullfrog simulacrum (D:7)
  2 killer bee simulacra (D:7)
  A howler monkey zombie (D:4)
  23 gnolls
  9 adders
  A shadow imp (D:6)
  8 white imps
  3 ufetubi
  A worm (D:3)
  2 dart slugs (D:4)
  33 orcs
  10 endoplasms
  2 giant cockroaches (D:1)
  6 goblins
  10 hobgoblins
  3 jackals (D:3)
  10 kobolds
  2 quokkas
  6 ball pythons
  7 bats
  4 frilled lizards
  6 rats
  A butterfly (Lair:1)
399 creatures vanquished.

Vanquished Creatures (others)
  5 plants (Lair:1)
  8 withered plants
13 creatures vanquished.

Grand Total: 412 creatures vanquished

Notes
Turn   | Place    | Note
-------+----------+-------------------------------------------
     0 | D:1      | robert the Minotaur Fighter began the quest for the Orb.
     0 | D:1      | Reached XP level 1. HP: 19/19 MP: 0/0
   280 | D:1      | Reached XP level 2. HP: 22/27 MP: 1/1
   741 | D:1      | Reached XP level 3. HP: 33/33 MP: 2/2
  1110 | D:2      | Found a runed translucent door.
  1111 | D:2      | Noticed Crazy Yiuf
  1278 | D:2      | Reached skill level 1 in Maces & Flails
  1441 | D:2      | Noticed Terence
  1448 | D:2      | Killed Terence
  1449 | D:2      | Reached skill level 2 in Maces & Flails
  1449 | D:2      | Reached XP level 4. HP: 28/40 MP: 0/3
  1772 | D:2      | Killed Crazy Yiuf
  1773 | D:2      | Reached skill level 3 in Maces & Flails
  1893 | D:3      | Reached XP level 5. HP: 46/46 MP: 1/4
  1908 | D:3      | Found a stormy altar of Qazlal.
  1955 | D:3      | Found Gickemir's Antique Armour Shop.
  2014 | D:3      | Noticed Jessica
  2018 | D:3      | Killed Jessica
  2083 | D:3      | Identified the +2 hand axe "Xiosaq" {speed, Str+3}
  2114 | D:3      | Reached skill level 4 in Maces & Flails
  2140 | D:3      | Found a runed translucent door.
  2141 | D:3      | Noticed mikunn's ghost (amateur HuGl)
  2413 | D:4      | Noticed an ogre
  2420 | D:4      | Killed an ogre
  2421 | D:4      | Reached skill level 1 in Dodging
  2421 | D:4      | Reached XP level 6. HP: 42/53 MP: 5/5
  2425 | D:4      | Reached skill level 5 in Maces & Flails
  2526 | D:4      | Found a transporter.
  2529 | D:4      | Noticed Agrajag's ghost (amateur DECj)
  2574 | D:4      | Reached skill level 1 in Axes
  3051 | D:4      | Found a snail-covered altar of Cheibriados.
  3095 | D:4      | Reached XP level 7. HP: 60/60 MP: 6/6
  3099 | D:4      | Found a transporter.
  3121 | D:4      | Reached skill level 6 in Maces & Flails
  3125 | D:4      | Killed Agrajag's ghost
  3126 | D:4      | Reached skill level 5 in Armour
  3313 | D:5      | Entered Level 5 of the Dungeon
  3476 | D:5      | Reached skill level 5 in Shields
  3526 | D:5      | Found a glowing golden altar of the Shining One.
  3535 | D:5      | Became a worshipper of the Shining One
  3646 | D:5      | Reached skill level 5 in Fighting
  3851 | D:6      | Reached XP level 8. HP: 68/68 MP: 7/7
  3964 | D:6      | Found an ornate altar of the Wu Jian Council.
  3966 | D:6      | Found a hazy altar of Hepliaklqana.
  3966 | D:6      | Found a shadowy altar of Dithmenos.
  3969 | D:6      | Found a hide-covered altar of Uskayaw.
  4136 | D:6      | Found a staircase to the Ecumenical Temple.
  4283 | D:6      | Reached skill level 5 in Axes
  4491 | D:6      | Reached skill level 7 in Maces & Flails
  5175 | D:3      | Killed mikunn's ghost
  5283 | D:7      | Found a runed translucent gate.
  5284 | D:7      | Found a runed translucent gate.
  5285 | D:7      | Found a runed translucent gate.
  5430 | D:7      | Reached XP level 9. HP: 55/75 MP: 8/8
  5535 | D:7      | Found an opulent altar of Gozag.
  5724 | D:7      | Reached * piety under the Shining One
  5732 | D:7      | Noticed PhillyD's ghost (novice GnFi)
  5986 | D:7      | Reached skill level 8 in Maces & Flails
  6041 | D:7      | Killed PhillyD's ghost
  6076 | D:7      | Identified the ring of Zamimecw {Fire rPois}
  6165 | D:8      | Reached ** piety under the Shining One
  6403 | D:8      | Found a radiant altar of Vehumet.
  6445 | D:8      | Found a shimmering altar of Xom.
  6509 | D:8      | Reached XP level 10. HP: 43/84 MP: 9/9
  6510 | D:8      | Reached skill level 9 in Maces & Flails
  6848 | D:8      | Noticed Gastronok
  6891 | D:8      | Killed Gastronok
  6892 | D:8      | Reached skill level 10 in Axes
  7025 | D:8      | Found a basalt altar of Yredelemnul.
  7525 | D:9      | Found Waorphun's Overcharged Wands.
  7571 | D:9      | Reached skill level 10 in Maces & Flails
  7685 | D:9      | Noticed a two-headed ogre
  7689 | D:9      | Reached XP level 11. HP: 92/92 MP: 10/10
  7713 | D:9      | Killed a two-headed ogre
  7905 | D:9      | Found a burning altar of Makhleb.
  8387 | D:9      | Found a shimmering blue altar of Sif Muna.
  8462 | D:10     | Entered Level 10 of the Dungeon
  8482 | D:10     | Found a runed translucent gate.
  8483 | D:10     | Found a runed translucent gate.
  8484 | D:10     | Found a runed translucent gate.
  8485 | D:10     | Noticed xade's ghost (novice DECj)
  8485 | D:10     | Noticed LeafLetters's ghost (novice DsNe)
  8536 | D:10     | Found Diugh's Antique Armour Shop.
  8656 | D:10     | Reached *** piety under the Shining One
  8671 | D:10     | Reached skill level 11 in Maces & Flails
  9388 | D:10     | Killed LeafLetters's ghost
  9389 | D:10     | Reached skill level 1 in Stealth
  9412 | D:10     | Killed xade's ghost
  9566 | D:11     | Noticed Lodul
  9606 | D:11     | Killed Lodul
  9607 | D:11     | Reached skill level 12 in Maces & Flails
  9607 | D:11     | Reached skill level 5 in Dodging
 10346 | D:11     | Found a staircase to the Lair.
 10350 | D:11     | Found a portal to a secret trove of treasure.
 10397 | D:11     | Reached XP level 12. HP: 98/103 MP: 11/11
 10406 | D:11     | Reached skill level 13 in Maces & Flails
 10591 | D:11     | Noticed a two-headed ogre
 10600 | D:11     | Killed a two-headed ogre
 10863 | Lair:1   | Entered Level 1 of the Lair of Beasts
 10889 | Lair:1   | Noticed Grum
 10902 | Lair:1   | Killed Grum
 11021 | Lair:1   | Found a frozen archway.
 11082 | IceCv    | Entered an ice cave
 11122 | IceCv    | Noticed a death yak
 11122 | IceCv    | Reached **** piety under the Shining One
 11124 | IceCv    | Noticed a death yak
 11141 | IceCv    | Killed a death yak
 11142 | IceCv    | Reached skill level 14 in Maces & Flails
 11146 | IceCv    | Killed a death yak
 11256 | IceCv    | Noticed a death yak
 11268 | IceCv    | Killed a death yak
 11534 | IceCv    | Noticed a frost giant
 11534 | IceCv    | Noticed a death yak
 11534 | IceCv    | Noticed a death yak
 11543 | IceCv    | Reached skill level 15 in Maces & Flails
 11552 | IceCv    | Killed a death yak
 11563 | IceCv    | Killed a death yak
 11572 | IceCv    | Reached skill level 10 in Shields
 11588 | IceCv    | Killed a frost giant
 11594 | IceCv    | Reached XP level 13. HP: 62/111 MP: 12/12
 11874 | Lair:1   | Noticed Erica
 11889 | Lair:1   | Killed Erica
 12558 | Lair:2   | Reached skill level 10 in Fighting
 12636 | Lair:2   | Reached skill level 16 in Maces & Flails
 12643 | Lair:2   | Found a staircase to the Snake Pit.
 12944 | Lair:2   | Reached skill level 10 in Armour
 13779 | Snake:1  | Entered Level 1 of the Snake Pit
 14071 | Snake:1  | Noticed Rupert
 14087 | Snake:1  | Killed Rupert
 14322 | Snake:1  | Noticed Aizul
 14363 | Snake:1  | Killed from afar by Aizul

Illustrated notes

Levels and vault maps discovered:
D:1:      lemuel_arrival_room, layout_loops_corners
D:2:      wander_river, layout_loops_ring, uniq_crazy_yiuf_cottage, uniq_terence
D:3:      layout_rooms, lemuel_round_altar, serial_shops,
          nicolae_shop_overgrown_old_shop, gammafunk_ghost_grave, uniq_jessica
D:4:      layout_basic, general_overflow_altar, serial_glass, glass_columns_a,
          glass_columns_a, gammafunk_ghost_mausoleum
D:5:      layout_cave_pools, lemuel_coloured_pillars_altar
D:6:      layout_basic, grunt_temple_overflow_open,
          minmay_temple_entry_nine_rooms, serial_bayou_pond_a,
          kennysheep_generic_room_6
D:7:      layout_rooms, kennysheep_mini_moat, gammafunk_ghost_icy
D:8:      layout_loops_corners, mainiacjoe_overflow_boulevard,
          mainiacjoe_overflow_catch_the_wave, uniq_gastronok
D:9:      layout_basic, old_standard_altar, nicolae_overflow_hidden_temple,
          nicolae_shop_overcharged_wands
D:10:     layout_layer_cave, serial_shops, shop, gammafunk_ghost_cemetery
D:11:     layout_basic, lair_entry_dummy, nicolae_trove_entry_isolated,
          library_closet, uniq_lodul
Lair:1:   layout_chaotic_city, portal_ice_cave_demonic_guard,
          lemuel_fruit_fields, serial_bayou_shore_a, lemuel_fruit_fields,
          grunt_megastairs_4, uniq_grum, uniq_erica
Lair:2:   layout_cave_pods, guppyfry_snake_entry_island
Snake:1:  layout_misc_corridors, uniq_rupert, uniq_aizul

Skill      XL: |  1  2  3  4  5  6  7  8  9 10 11 12 13 |
---------------+----------------------------------------+-----
Shields        | 4 5 6 7 8 10 11 | 11.8
Fighting       | 4 5 6 7 8 9 10 | 10.9
Armour         | 4 5 6 7 8 9 10 | 10.4
Maces & Flails | 2 3 4 5 6 7 8 10 12 15 16 | 16.7
Dodging        | 1 2 3 4 5 6 7 |  7.5
Axes           | 2 4 6 9 12 13 | 13.1
Stealth        | 1 |  1.3
Long Blades    | |  2.8
Throwing       | |  0.5

Action                     |  1- 3 |  4- 6 |  7- 9 | 10-12 | 13-15 || total
---------------------------+-------+-------+-------+-------+-------++-------
  Melee: Long sword        |    28 |       |       |       |       ||    28
         Headbutt          |     7 |    16 |    68 |   190 |    83 ||   364
         Mace              |    55 |     4 |       |       |       ||    59
         Flail             |       |    53 |       |   430 |   303 ||   786
         Hand axe          |       |    65 |   281 |   186 |       ||   532
  Throw: Dart              |     2 |       |       |       |       ||     2
    Use: Scroll            |       |     3 |       |     7 |       ||    10
         Potion            |       |       |     3 |     3 |     5 ||    11
 Armour: Scale mail        |    39 |    48 |    64 |   159 |   104 ||   414
         Skin              |       |       |       |     4 |     5 ||     9
  Dodge: Dodged            |    34 |    52 |    82 |   167 |    91 ||   426
  Block: Kite shield       |    50 |    50 |    75 |   185 |   159 ||   519
